Map: Acid Plant LE

Players

Raze - Winner!

  • Race: Protoss Protoss
  • Spawn Location: 5:00

SortOf

  • Race: Zerg Zerg
  • Spawn Location: 11:00

Event: WCS Austin 2018

VOD

Have the link to the VOD?

Description

Time

  • Played on: June 1, 2018, 3:28 p.m.
  • Length: 11:10

All games in this series

Show
View Real Time Build Order
Export as new Build Order

Raze Protoss - Winner!

Build Orders: 1 Gate Expand, Oracle Opening, Phoenix Opening, Mass Phoenix, Zealot Archon 

Get SALT Encoding   

  12  0:00  Probe  
  13  0:13  Probe  
  14  0:20  Pylon  
  14  0:25  Probe  
  15  0:34  Probe  
  15  0:42  Probe  
  16  0:43  Gateway  
  16  0:47  Assimilator  
  17  0:52  Probe  
  18  1:04  Probe  
  19  1:16  Probe  
  20  1:23  Nexus  
  20  1:37  Cybernetics Core  
  20  1:40  Probe  
  21  1:47  Assimilator  
  21  1:52  Probe  
  21  1:53  Pylon  
  22  2:02  Probe  
  22  2:05  Adept  
  23  2:10  Probe  
  26  2:19  Stargate, Probe  
  26  2:27  Warp Gate  
  27  2:31  Probe  
  27  2:33  Probe  
  27  2:36  Adept  
  30  2:41  Probe  
  30  2:43  Probe  
  32  2:51  Probe  
  32  2:55  Probe  
  32  2:56  Phoenix  
  34  3:03  Probe  
  37  3:08  Probe  
  38  3:15  Probe  
  39  3:20  Probe  
  39  3:21  Oracle  
  43  3:27  Probe  
  43  3:30  Pylon  
  43  3:32  Probe  
  45  3:38  Gateway  
  45  3:40  Probe  
  46  3:46  Stargate  
  46  3:48  Assimilator, Probe  
  47  3:50  Assimilator  
  47  3:52  Probe  
  48  3:56  Phoenix  
  48  4:00  Probe, Pylon  
  49  4:04  Probe  
  49  4:09  Pylon  
  52  4:12  Probe  
  52  4:16  Probe  
  54  4:19  Phoenix  
  54  4:22  Phoenix  
  56  4:24  Probe  
  56  4:28  Probe  
  60  4:33  Zealot x2  
  60  4:37  Probe  
  65  4:45  Phoenix  
  67  4:48  Nexus  
  67  4:51  Pylon  
  67  4:56  Phoenix  
  67  5:05  Pylon  
  69  5:10  Phoenix  
  71  5:15  Phoenix, Probe x2  
  71  5:17  Pylon  
  76  5:28  Probe  
  76  5:29  Probe  
  76  5:34  Gateway  
  76  5:35  Phoenix  
  79  5:38  Pylon  
  79  5:40  Phoenix  
  81  5:43  Probe  
  81  5:45  Probe  
  80  5:53  Twilight Council  
  80  5:55  Probe  
  80  5:56  Forge  
  80  5:57  Probe  
  80  5:58  Probe  
  80  6:00  Phoenix  
  80  6:03  Probe  
  86  6:15  Probe  
  86  6:17  Probe  
  86  6:18  Zealot x2  
  92  6:29  Probe x2  
  92  6:30  Probe  
  95  6:35  Phoenix x2  
  95  6:36  Charge  
  95  6:37  Protoss Ground Weapons Level 1  
  99  6:41  Gateway, Probe  
  99  6:43  Templar Archives  
  99  6:44  Gateway  
  99  6:45  Pylon  
  100  6:54  Zealot x3  
  99  7:08  Probe  
  97  7:19  Zealot x3  
  98  7:25  Gateway  
  98  7:28  Robotics Facility  
  98  7:30  Gateway x2, Probe x3  
  101  7:42  Probe x3  
  101  7:43  High Templar x4  
  112  7:44  Zealot  
  112  7:50  Archon x2  
  114  7:53  Pylon  
  112  7:59  Pylon  
  112  8:01  Pylon  
  112  8:05  Warp Prism  
  112  8:06  Pylon  
  112  8:08  Pylon  
  112  8:09  Zealot  
  112  8:10  Pylon  
  114  8:16  High Templar x2  
  114  8:18  Zealot x2  
  124  8:24  Archon, Zealot  
  124  8:25  Pylon  
  124  8:26  Pylon  
  126  8:28  Zealot x2  
  126  8:29  Zealot  
  126  8:31  Pylon  
  132  8:36  Protoss Ground Weapons Level 2  
  132  8:40  Zealot x2  
  136  8:54  Zealot, High Templar x2  
  136  8:55  Zealot x3  
  148  9:00  Archon  
  148  9:02  Zealot x2  
  146  9:15  Zealot x4  
  154  9:23  Zealot x2  
  150  9:25  Phoenix x2  
  150  9:27  Zealot x2  
  157  9:36  Zealot x3  
  156  9:39  Pylon  
  145  9:49  Zealot  
  145  9:50  Zealot  
  120  10:08  Zealot x3  
Show
View Real Time Build Order
Export as new Build Order

SortOf Zerg 

Build Orders: Hatch First 

Get SALT Encoding   

  12  0:01  Drone  
  13  0:13  Overlord  
  13  0:17  Drone  
  14  0:31  Drone x2  
  16  0:48  Hatchery  
  15  0:51  Drone  
  15  0:55  Drone  
  17  0:58  Drone  
  18  1:10  Extractor  
  17  1:14  Spawning Pool  
  16  1:19  Drone  
  16  1:20  Drone  
  18  1:28  Drone  
  19  1:39  Drone  
  20  1:50  Overlord  
  20  2:03  Queen x2  
  20  2:04  Zergling x2  
  20  2:05  Zergling x2  
  26  2:13  Metabolic Boost  
  26  2:14  Drone  
  27  2:15  Drone  
  27  2:22  Drone  
  29  2:38  Hatchery, Drone  
  29  2:40  Drone  
  30  2:45  Drone  
  31  2:53  Overlord  
  31  2:54  Queen  
  33  3:00  Zergling x2  
  33  3:01  Drone x2  
  36  3:13  Drone x5  
  36  3:19  Drone  
  41  3:22  Drone  
  42  3:27  Drone  
  42  3:32  Overlord  
  43  3:38  Drone  
  44  3:45  Spore Crawler  
  44  3:46  Spore Crawler  
  44  3:48  Overlord  
  42  3:50  Queen  
  42  3:51  Drone  
  42  3:52  Drone x5  
  50  4:01  Spore Crawler  
  50  4:02  Overlord  
  49  4:06  Queen  
  49  4:08  Drone x3  
  54  4:12  Zergling x6  
  54  4:15  Drone  
  58  4:19  Overlord  
  58  4:20  Drone x2  
  58  4:23  Drone  
  58  4:24  Drone  
  62  4:25  Drone  
  62  4:26  Drone  
  64  4:32  Roach Warren  
  64  4:33  Extractor  
  64  4:34  Lair  
  62  4:41  Drone x3  
  62  4:43  Drone  
  65  4:46  Drone x3  
  65  4:50  Drone x2  
  70  4:53  Drone  
  70  4:58  Drone  
  70  4:59  Drone  
  72  5:01  Drone  
  72  5:06  Evolution Chamber  
  72  5:08  Drone, Extractor  
  72  5:09  Overlord  
  72  5:10  Overlord x2, Extractor  
  72  5:11  Drone x2, Extractor  
  72  5:15  Overlord, Extractor  
  72  5:19  Overlord  
  71  5:21  Roach  
  71  5:24  Overlord  
  73  5:29  Roach x7  
  73  5:35  Drone  
  88  5:37  Drone x3  
  88  5:40  Drone x2  
  92  5:45  Drone  
  92  5:46  Zerg Missile Weapons Level 1, Glial Reconstitution  
  93  5:52  Drone x3  
  93  5:53  Overlord  
  96  6:00  Hydralisk Den  
  96  6:03  Overseer  
  105  6:08  Spore Crawler  
  92  6:12  Spore Crawler, Drone x6  
  92  6:13  Spore Crawler  
  92  6:14  Spore Crawler  
  92  6:16  Queen  
  92  6:17  Spore Crawler  
  90  6:21  Hatchery  
  90  6:23  Drone x2  
  90  6:25  Drone x2  
  92  6:30  Muscular Augments  
  92  6:32  Drone  
  93  6:33  Spore Crawler, Drone  
  93  6:37  Drone  
  91  6:42  Hydralisk x3  
  97  6:50  Hydralisk x3  
  97  6:54  Drone x2  
  104  7:09  Hydralisk x4  
  108  7:19  Hydralisk x3  
  108  7:21  Hydralisk  
  110  7:24  Drone  
  110  7:25  Drone  
  110  7:26  Drone  
  113  7:30  Overlord, Spore Crawler  
  113  7:32  Spore Crawler  
  111  7:37  Overlord  
  111  7:39  Drone x2  
  111  7:40  Queen x2  
  111  7:41  Zerg Missile Weapons Level 2  
  111  7:42  Grooved Spines  
  111  7:47  Queen x2  
  115  7:54  Drone x5  
  120  7:59  Drone x2  
  120  8:01  Drone  
  120  8:02  Drone  
  124  8:08  Lurker Den  
  124  8:10  Hydralisk x2  
  124  8:12  Overlord  
  127  8:14  Overlord  
  127  8:27  Overseer  
  127  8:30  Queen x3, Hydralisk  
  127  8:33  Overlord, Hydralisk  
  127  8:34  Hydralisk x3  
  135  8:35  Overlord  
  135  8:39  Overlord  
  143  8:51  Spine Crawler x2  
  143  8:52  Hydralisk x5  
  151  8:59  Hydralisk x7  
  165  9:04  Hydralisk  
  164  9:13  Spore Crawler, Hydralisk x4  
  164  9:15  Spore Crawler  
  161  9:18  Hydralisk  
  161  9:20  Hydralisk  
  149  9:27  Hydralisk x2  
  149  9:28  Hydralisk  
  150  9:36  Lurker  
  150  9:37  Hydralisk x2  
  141  9:42  Overlord  
  141  9:43  Overlord x2  
  117  10:07  Overlord x2  
  103  10:08  Overlord  
  103  10:11  Spine Crawler x2  
  103  10:12  Spine Crawler x2  
  76  10:23  Hydralisk x5  
  25  10:58  Drone x2  
Tags
 
Add a new tag
Caveats
  • Supply blocks, unpowered buildings, or Contaminate may cause inaccurate times.
  • Supply counts are checked every 10 seconds.